 Dungeon Crawl Stone Soup version 0.17.2-1-ge4368a0 (webtiles) character file.

114 Goblin1989 the Shooter (level 4, 36/36 HPs)
             Began as a Centaur Hunter on Feb 21, 2017.
             Quit the game on level 3 of the Dungeon on Mar 12, 2017.
             The game lasted 00:12:59 (2306 turns).

Goblin1989 the Shooter (Centaur Hunter)             Turns: 2306, Time: 00:12:59

Health: 36/36      AC:  5    Str: 14    XL:     4   Next: 66%
Magic:  4/4        EV:  9    Int: 10    God:
Gold:   116        SH:  0    Dex: 11    Spells: 0 memorised, 3 levels left

rFire  . . .     SeeInvis .       - Unarmed
rCold  . . .     Clarity  .     c - +1 leather armour
rNeg   . . .     SustAt   .     (no shield)
rPois  .         Gourm    .     (no helmet)
rElec  .         Spirit   .     (no cloak)
rCorr  .         Warding  .     (no gloves)
rMut   .         Stasis   .     (no barding)
MR     .....                    (no amulet)
Stlth  +.........               (no ring)
                                l - ring of flight

@: very quick, not resistant to hostile enchantments, very unstealthy
A: hooves 3, deformed body, speed 2, tough skin 3
a: Evoke Flight


You were on level 3 of the Dungeon.
You were not hungry.

You visited 1 branch of the dungeon, and saw 3 of its levels.

You collected 116 gold pieces.

Inventory:

Hand Weapons
 a - a +1 shortbow
 v - a +0 flail of holy wrath
Missiles
 d - 23 arrows
Armour
 c - a +1 leather armour (worn)
 f - a +0 plate armour
Jewellery
 l - a ring of flight (left hand)
Scrolls
 g - a scroll of enchant weapon {unknown}
 j - 2 scrolls of remove curse {@r2}
 m - 4 scrolls of identify {unknown}
 n - a scroll of noise {unknown}
 o - a scroll of fear {unknown}
 p - a scroll of fog {unknown}
 q - a scroll of blinking {unknown}
 s - a scroll of recharging {unknown}
Potions
 b - 2 potions of magic {unknown}
 h - a potion of cancellation {unknown}
 i - a potion of brilliance {unknown}
 r - a potion of might {unknown}
Comestibles
 e - 4 bread rations {@e1}
 k - a beef jerky
 t - 3 fruits
 u - 2 chunks of flesh


   Skills:
 - Level 2.0 Fighting
 - Level 5.3 Bows
 - Level 1.3 Dodging
 - Level 0.5 Stealth
 + Level 4.4 Unarmed Combat


You had 3 spell levels left.
You didn't know any spells.

Dungeon Overview and Level Annotations

Branches:
Dungeon (3/15)

Altars:


Innate Abilities, Weirdness & Mutations

You have hooves in place of feet.
Armour fits poorly on your strangely shaped body.
You cover ground very quickly.
You have extremely tough skin (AC +3).


Message History

Firing (i - inventory):
d - 8 arrows (quivered)
Press: ? - help, Shift-Dir - straight line, f/p - orc
Aim: an orc, wielding a hand axe (moderately wounded)
You shoot an arrow. The arrow closely misses the orc.
Firing (i - inventory):
d - 7 arrows (quivered)
Press: ? - help, Shift-Dir - straight line, f/p - orc
Aim: an orc, wielding a hand axe (moderately wounded)
You shoot an arrow. The arrow closely misses the orc.
Firing (i - inventory):
d - 6 arrows (quivered)
Press: ? - help, Shift-Dir - straight line, f/p - orc
Aim: an orc, wielding a hand axe You shoot an arrow.
The arrow hits the orc.
The orc is severely wounded.
All of the chunks of flesh in your inventory have rotted away.
Firing (i - inventory):
d - 5 arrows (quivered)
Press: ? - help, Shift-Dir - straight line, f/p - orc
Aim: an orc, wielding a hand axe (severely wounded)
You shoot an arrow. The arrow barely misses the orc.
The orc hits you with a hand axe.
* * * LOW HITPOINT WARNING * * *
You take 4 damage, and have 16/36 hp.
Firing (i - inventory):
d - 4 arrows (quivered)
Press: ? - help, Shift-Dir - straight line, f/p - orc
Aim: an orc, wielding a hand axe (severely wounded)
You shoot an arrow. The arrow hits the orc.
You kill the orc!
You start resting.
A rat comes into view.
You regained 6 hp, and now have 22/36 hp.
You are now empty-handed.
The rat completely misses you.
You barely miss the rat. Your kick misses the rat. The rat barely misses you.
You closely miss the rat. You kick the rat.
You kill the rat!
You see here a rat corpse.
You butcher the rat corpse.
u - a chunk of flesh You start resting.
An orc comes into view. It is wielding a mace.
You regained 4 hp, and now have 27/36 hp.
The orc shouts!
The orc throws a stone.
The stone hits you but does no damage.
You see here a stone.
The orc picks up a scroll labeled INGUCI LEIHEIJEK.
You punch the orc!
The orc is severely wounded.
The orc barely misses you.
You hit the orc but do no damage. You kick the orc, but do no damage.
The orc is severely wounded.
The orc hits you but does no damage.
You closely miss the orc.
The orc is severely wounded.
You closely miss the orc.
The orc is severely wounded.
The orc hits you with a mace.
You take 1 damage, and have 27/36 hp.
You closely miss the orc.
The orc is severely wounded.
The orc hits you but does no damage.
You closely miss the orc. You kick the orc.
The orc is almost dead.
The orc hits you but does no damage.
You hit the orc but do no damage. You kick the orc, but do no damage.
The orc is almost dead.
The orc hits you but does no damage.
You hit the orc but do no damage. Your kick misses the orc.
The orc is almost dead.
You hit the orc.
You kill the orc!
m - 4 scrolls labeled INGUCI LEIHEIJEK (gained 1)
You now have 116 gold pieces (gained 5).
Items here: ( ) [ † a mace; 15 stones; a leather armour; an orc corpse You butcher the orc corpse.
u - 2 chunks of flesh (gained 1)
Items here: ( ) [ ÷ a mace; 15 stones; a leather armour; an orc skeleton You start resting.
HP restored.
Health restored: 36
d - 13 arrows (gained 10)
There is a stone staircase leading down, spattered with blood here.
You see here a hand axe.
d - 15 arrows (gained 2)
You see here a dagger.
d - 16 arrows (gained 1)
d - 19 arrows (gained 3)
d - 21 arrows (gained 2)
d - 22 arrows (gained 1)
d - 23 arrows (gained 1)
An orc, 2 orc priests and an orc wizard come into view.
The orc shouts!
The orc priest shouts!
The orc wizard shouts!
A giant cockroach comes into view.
There is an open door here.
Saving game... please wait.
Welcome back, Goblin1989 the Centaur Hunter.
Press ? for a list of commands and other information.
Welcome back, Goblin1989 the Centaur Hunter.
Press ? for a list of commands and other information.
Are you sure you want to abandon this character and quit the game? (Confirm with "yes".)

██████.....█.█
█...........█.█
█...........█.█
█.............█
...........████
..........████
.............▲
████...██████
█.@..........
█.█...███████
█∆█████ .. ..s
o.o. o..o.
......


You could see 2 orc priests, an orc wizard, an orc and a giant cockroach
(wandering).

Vanquished Creatures
  4 adders
  3 gnolls (D:2)
  A worm (D:3)
  7 orcs (D:3)
  2 giant cockroaches
  3 goblins
  2 hobgoblins
  4 jackals (D:1)
  A ball python (D:2)
  3 bats
  4 giant newts
  8 kobolds
  7 rats
49 creatures vanquished.

Notes
Turn   | Place    | Note
--------------------------------------------------------------
     0 | D:1      | Goblin1989 the Centaur Hunter began the quest for the Orb.
     0 | D:1      | Reached XP level 1. HP: 17/17 MP: 1/1
    62 | D:1      | Reached skill level 1 in Unarmed Combat
   409 | D:1      | Reached XP level 2. HP: 24/24 MP: 2/2
   787 | D:2      | Reached XP level 3. HP: 29/29 MP: 3/3
  1293 | D:2      | Reached XP level 4. HP: 34/36 MP: 4/4
  2306 | D:3      | Quit the game

Action                   |  1- 3 |  4- 6 || total
-------------------------+-------+-------++-------
Melee: Unarmed           |     5 |    34 ||    39
 Fire: Shortbow          |    66 |    53 ||   119
  Use: Scroll            |     2 |       ||     2
  Eat: Chunk             |       |     3 ||     3

Vault maps used:
D:1:      dpeg_arrival_windows_large_door, minmay_stone_trees_small
D:3:      nicolae_gozag_seed_capital
